 Dungeon Crawl Stone Soup version 0.30.1-4-g462c640d31 (webtiles) character file.

Game seed: 2149116470895613238

71 Gorgoleon the Chopper (level 4, -1/39 HPs)
             Began as a Hill Orc Berserker on Aug 17, 2023.
             Was a Follower of Trog.
             Slain by a gnoll
             ... wielding a +0 club
              (5 damage)
             ... on level 2 of the Dungeon.
             The game lasted 00:02:49 (1426 turns).

Gorgoleon the Chopper (Hill Orc Berserker)          Turns: 1426, Time: 00:02:50

Health: -1/39      AC:  2    Str: 21    XL:     4   Next: 24%
Magic:  4/4        EV: 11    Int:  7    God:    Trog [*.....]
Gold:   54         SH:  0    Dex: 10    Spells: 3/3 levels left

rFire   . . .        a - +0 hand axe
rCold   . . .        (no shield)
rNeg    . . .        b - +0 animal skin
rPois   .            (no helmet)
rElec   .            (no cloak)
rCorr   .            (no gloves)
SInv    .            (no boots)
Will    .....        (no amulet)
Stlth   +            (no ring)
HPRegen 0.26/turn    (no ring)
MPRegen 0.09/turn

%: no passive effects
@: no status effects
A: no striking features
a: Renounce Religion, Berserk


You were on level 2 of the Dungeon.
You worshipped Trog.
Trog was aware of your devotion.
You visited 1 branch of the dungeon, and saw 2 of its levels.

You collected 54 gold pieces.

Inventory:

Hand Weapons
 a - a +0 hand axe (weapon)
 c - a +2 whip of flaming
Armour
 b - a +0 animal skin (worn)
Scrolls
 e - 2 scrolls of fog
 f - a scroll of teleportation


   Skills:
 - Level 3.6 Fighting
 + Level 6.6 Axes
 - Level 2.1 Armour
 - Level 1.5 Dodging


You had 3 spell levels left.
You didn't know any spells.
Your spell library was empty.

Dungeon Overview and Level Annotations

Branches:
Dungeon (2/15)

Altars:
Nemelex Xobeh


Message History

The gnoll hits you with a +0 club.
Things that are here:
a +0 club; a +0 whip; a gnoll corpse You barely miss the gnoll.
The gnoll barely misses you.
You hit the gnoll.
The gnoll is lightly wounded.
The gnoll hits you with a +0 club.
You are too injured to fight recklessly!
You are too injured to fight recklessly!
You are too injured to fight recklessly!
You are too injured to fight recklessly!
You barely miss the gnoll.
The gnoll is lightly wounded.
The gnoll barely misses you.
You closely miss the gnoll.
The gnoll is lightly wounded.
The gnoll barely misses you.
You closely miss the gnoll.
The gnoll is lightly wounded.
The gnoll misses you.
You hit the gnoll.
The gnoll is moderately wounded.
The gnoll hits you with a +0 club!
* * * LOW HITPOINT WARNING * * *
You slash the gnoll!
The gnoll is severely wounded.
The gnoll hits you with a +0 club.
* * * LOW HITPOINT WARNING * * *
You barely miss the gnoll.
The gnoll is severely wounded.
The gnoll misses you.
You aren't carrying any potions.
You closely miss the gnoll.
The gnoll is severely wounded.
The gnoll hits you with a +0 club.
* * * LOW HITPOINT WARNING * * *
You hit the gnoll but do no damage.
The gnoll is severely wounded.
The gnoll hits you with a +0 club.
You die...

#<÷..#.....# #..........#
#......._..###### ####
#...............##########...
#............).............#.
#..........#........########.
####.......#....###...<.gg.gg
#.......###......##.#####.
#####....@gg..##.##..§###.
#######.#....####.§...
#####>.######### #.......####
##.#........ #.#........
#.#........ #.#........
#...†......


You could see 2 gnolls.

Vanquished Creatures
  3 gnolls
  2 adders
  4 ball pythons (D:1)
  3 endoplasms (D:1)
  A giant cockroach (D:1)
  A goblin (D:1)
  3 hobgoblins
  2 quokkas (D:1)
  3 bats
  2 frilled lizards
  2 rats (D:1)
26 creatures vanquished.

Notes
Turn   | Place    | Note
-------+----------+-------------------------------------------
     0 | D:1      | Gorgoleon the Hill Orc Berserker began the quest for the
                  | Orb.
     0 | D:1      | Reached XP level 1. HP: 19/19 MP: 1/1
   140 | D:1      | Reached XP level 2. HP: 22/26 MP: 2/2
   214 | D:1      | Reached skill level 5 in Axes
   291 | D:1      | Reached XP level 3. HP: 23/31 MP: 3/3
  1085 | D:2      | Found a sparkling altar of Nemelex Xobeh.
  1266 | D:1      | Reached skill level 6 in Axes
  1410 | D:2      | Reached XP level 4. HP: 38/39 MP: 4/4
  1426 | D:2      | Slain by a gnoll

Illustrated notes

Levels and vault maps discovered:
D:1:      dpeg_arrival_line_fractal, layout_loops_cross, serial_aquarium,
          aquarium_bridge_island_small [aquarium_subvault_small_water,
          aquarium_subvault_bridge, aquarium_subvault_bridge,
          aquarium_subvault_wall, aquarium_subvault_wall], aquarium_window_fake,
          aquarium_window_1, aquarium_window_fake, aquarium_view_2e,
          aquarium_view_2e
D:2:      layout_rooms, basic_altar, ebering_ecumenical_altar_mist,
          wander_ebering_terrifying_dragon_lair

Skill      XL: |  1  2  3 |
---------------+----------+-----
Axes           | 5 6 |  6.6
Fighting       | |  3.6
Armour         | |  2.1
Dodging        | |  1.5

Action                     |  1- 3 |  4- 6 || total
---------------------------+-------+-------++-------
  Melee: Hand axe          |    89 |    16 ||   105
    Use: Scroll            |     2 |       ||     2
 Armour: Animal skin       |    16 |       ||    16
  Dodge: Dodged            |    65 |     7 ||    72
